 Dungeon Crawl Stone Soup version 0.18.1-47-g9310371 (webtiles) character file.

3766 Vincendra the Basher (level 9, -9/70 HPs)
             Began as a Minotaur Fighter on June 21, 2016.
             Was an Elder of the Shining One.
             Killed by the air
             ... invoked by Gastronok
              (37 damage)
             ... on level 8 of the Dungeon.
             The game lasted 00:23:55 (7693 turns).

Vincendra the Basher (Minotaur Fighter)             Turns: 7693, Time: 00:23:58

Health: -9/70      AC: 18    Str: 24    XL:     9   Next: 94%
Magic:  0/8        EV:  6    Int:  3    God:    the Shining One [****..]
Gold:   306        SH: 12    Dex: 10    Spells: 0 memorised, 8 levels left

rFire  . . .     SeeInvis .     R - +0 morningstar
rCold  . . .     Gourm    .     J - +0 plate armour
rNeg   + + .     Faith    .     c - +0 shield
rPois  .         Spirit   +     (helmet restricted)
rElec  .         Dismiss  .     (no cloak)
rCorr  .         Reflect  .     v - +1 pair of gloves
SustAt .         Harm     .     a - +0 pair of boots
MR     +....                    x - amulet of guardian spirit
Stlth  ..........               (no ring)
                                b - ring of protection from magic

@: glowing, somewhat resistant to hostile enchantments, extremely unstealthy
A: retaliatory headbutt, claws 1, horns 2, blink, blurry vision 1, dopey 1
a: Blink, Divine Shield, Cleansing Flame, Renounce Religion


You were on level 8 of the Dungeon.
You worshipped the Shining One.
The Shining One was greatly pleased with you.
You were not hungry.

You visited 1 branch of the dungeon, and saw 8 of its levels.
You also visited: Ossuary.

You collected 381 gold pieces.
You spent 75 gold pieces at shops.

Inventory:

Hand Weapons
 M - a +1 whip of electrocution
 R - a +0 morningstar (weapon)
Missiles
 i - 8 poisoned tomahawks (quivered)
Armour
 a - a +0 pair of boots (worn)
 c - a +0 shield (worn)
 v - a +1 pair of gloves (worn)
 J - a +0 plate armour (worn)
Jewellery
 b - a ring of protection from magic (left hand)
 h - an uncursed amulet of dismissal
 x - an amulet of guardian spirit (around neck)
Wands
 s - a wand of paralysis (15/24)
 w - a wand of flame (7/48)
 y - a wand of flame (27/48)
 Q - a wand of slowing (16/48)
Scrolls
 d - 2 scrolls of immolation
 e - 5 scrolls of remove curse
 j - 2 scrolls of amnesia
 k - 3 scrolls of fear
 n - a scroll of enchant weapon
 r - a scroll of identify
 t - 4 scrolls of recharging {unknown}
 C - 2 scrolls of teleportation
 F - a scroll of magic mapping {unknown}
 I - a scroll of noise {unknown}
 L - 2 scrolls of fog {unknown}
Potions
 l - 3 potions of agility
 m - 2 potions of flight
 p - 3 potions of curing
 q - 2 potions of lignification
 z - a potion of heal wounds
 B - 4 potions of magic
 D - 2 potions of degeneration {unknown}
 E - 3 potions of berserk rage {unknown}
 G - 3 potions of might
 H - a potion of mutation {unknown}
 N - a potion of invisibility {unknown}
 O - a potion of haste {unknown}
Books
 K - a book of Spatial Translocations

   Spells                             Type                      Level
   a - Apportation                    Translocation                1
   b - Blink                          Translocation                2
   c - Shroud of Golubria             Charms/Translocation         2
   d - Portal Projectile              Translocation                3
   e - Teleport Other                 Translocation                3
   f - Passage of Golubria            Translocation                4
Comestibles
 f - 3 bread rations
 o - 5 meat rations
 u - 2 beef jerkies
 A - 6 fruits


   Skills:
 - Level 3.6 Fighting
 - Level 11.4 Maces & Flails
 + Level 9.2 Armour
 + Level 10.2 Shields


You had 8 spell levels left.
You didn't know any spells.

Dungeon Overview and Level Annotations

Branches:
Dungeon (8/15)             Temple (0/1) D:5
   Lair: D:8-11

Altars:
Cheibriados
Dithmenos
Kikubaaqudgha
Makhleb
Nemelex Xobeh
Okawaru
Pakellas
Ru
Sif Muna
Trog
Vehumet
Yredelemnul
The Shining One

Shops:
D:5 (

Annotations:
D:8 Gastronok


Innate Abilities, Weirdness & Mutations

You reflexively headbutt those who attack you in melee.
You have a pair of horns on your head.
You have sharp fingernails.
You can translocate small distances at will.
Scrolls take you a little longer to read.
You are dopey. (Int -2)


Message History

You headbutt the bat. You hit the bat.
You kill the bat!
The bat's corpse disappears in a puff of smoke!
Gastronok mumbles some strange words.
Your legs wobble like jelly.
You completely miss the quokka.
The quokka bites you but does no damage.
Your plate armour prevents you from hitting the quokka.
You block the quokka's attack.
You barely miss the quokka. You headbutt the quokka.
The quokka is severely wounded.
The quokka bites you but does no damage. x2
You impale the quokka!!
You kill the quokka!
The quokka's corpse disappears in a puff of smoke!
Gastronok waves his eye-stalks in wide circles.
The air twists around and strikes you!
Ouch! That really hurt!
You die...

###### #.....
#.[... #.....#
#......
#.(....###
#......#.#####
.......).r@.>#
#......#w#####
#......#r#...#
#....:.#.#.#.#
######.#.#.#.#
#[#<..#.#
#.#.###.#
..#.....#
#######


You could see Gastronok and a quokka.

Vanquished Creatures
  Pikel (D:6)
  The ghost of Malvoorn the Destroyer, a novice OpWz of Vehumet (Ossuary)
  The ghost of Malvoorn the Slasher, a novice DsAK of Lugonu (D:3)
  The ghost of Malvoorn the Conjurer, a novice OpCj (D:4)
  Menkaure (D:6)
  2 orc warriors
  2 sky beasts
  4 ogres
  A big kobold (D:7)
  A gnoll sergeant (D:6)
  3 scorpions
  3 howler monkeys
  A crimson imp (D:5)
  A giant frog zombie (D:7)
  A hound (D:7)
  7 orc priests
  Crazy Yiuf (D:6)
  4 orc wizards
  A worker ant (D:6)
  Natasha (thrice) (D:2)
  Robin (D:2)
  12 mummies (Ossuary)
  A worker ant zombie (D:5)
  7 gnolls (D:6)
  10 adders
  A shadow imp (D:6)
  2 oozes
  An adder zombie (D:8)
  3 worms
  3 dart slugs
  5 giant geckos
  23 orcs
  10 giant cockroaches
  19 goblins
  10 hobgoblins
  16 jackals
  16 kobolds
  3 quokkas (D:2)
  A ball python (D:2)
  9 bats
  4 giant newts
  A gnoll skeleton (Ossuary)
  2 goblin skeletons (Ossuary)
  A kobold skeleton (Ossuary)
  2 orc skeletons (Ossuary)
  A quokka skeleton (D:8)
  6 rats
  11 rat skeletons (Ossuary)
221 creatures vanquished.

Vanquished Creatures (others)
  2 slaves (D:6)
  A howler monkey (D:5)
  A crimson imp (D:6)
  A worm (D:5)
  An orc (D:6)
  A goblin skeleton (Ossuary)
  An orc skeleton (Ossuary)
8 creatures vanquished.

Grand Total: 229 creatures vanquished

Notes
Turn   | Place    | Note
--------------------------------------------------------------
     0 | D:1      | Vincendra the Minotaur Fighter began the quest for the Orb.
     0 | D:1      | Reached XP level 1. HP: 19/19 MP: 0/0
    38 | D:1      | Reached skill level 3 in Maces & Flails
   110 | D:1      | Reached XP level 2. HP: 26/26 MP: 1/1
   207 | D:1      | Reached skill level 4 in Maces & Flails
   393 | D:1      | Reached XP level 3. HP: 31/31 MP: 2/2
   928 | D:2      | Reached skill level 5 in Maces & Flails
  1044 | D:2      | Noticed Natasha
  1050 | D:2      | Killed Natasha
  1050 | D:2      | Reached XP level 4. HP: 35/39 MP: 3/3
  1275 | D:2      | Noticed Robin
  1279 | D:2      | Killed Robin
  1339 | D:2      | Reached skill level 6 in Maces & Flails
  1341 | D:2      | Found a glowing golden altar of the Shining One.
  1343 | D:2      | Noticed Natasha
  1350 | D:2      | Killed Natasha
  1350 | D:2      | Reached XP level 5. HP: 44/45 MP: 4/4
  1361 | D:2      | Became a worshipper of the Shining One
  1602 | D:2      | Noticed Natasha
  1608 | D:2      | Killed Natasha
  1692 | D:2      | Found a basalt altar of Yredelemnul.
  2039 | D:3      | Reached skill level 7 in Maces & Flails
  2152 | D:3      | Noticed Malvoorn's ghost (novice DsAK)
  2207 | D:3      | Killed Malvoorn's ghost
  2207 | D:3      | Reached skill level 9 in Maces & Flails
  2207 | D:3      | Reached XP level 6. HP: 6/51 MP: 2/5
  2275 | D:3      | Reached XP level 7. HP: 20/57 MP: 6/6
  2593 | D:3      | Found a sacrificial altar of Ru.
  2593 | D:3      | Found an ancient bone altar of Kikubaaqudgha.
  3320 | D:4      | Found a sand-covered staircase.
  3324 | Ossuary  | Entered an ossuary
  3332 | Ossuary  | Noticed Malvoorn's ghost (novice OpWz)
  3332 | Ossuary  | Reached * piety under the Shining One
  3339 | Ossuary  | Killed Malvoorn's ghost
  3339 | Ossuary  | Reached skill level 11 in Maces & Flails
  3339 | Ossuary  | Reached XP level 8. HP: 28/64 MP: 5/7
  3712 | Ossuary  | Reached ** piety under the Shining One
  3790 | Ossuary  | Reached *** piety under the Shining One
  3914 | D:4      | Noticed Malvoorn's ghost (novice OpCj)
  3930 | D:4      | Killed Malvoorn's ghost
  3930 | D:4      | Reached skill level 5 in Armour
  3930 | D:4      | Reached skill level 5 in Shields
  4271 | D:4      | Found a shadowy altar of Dithmenos.
  4449 | D:5      | Entered Level 5 of the Dungeon
  4476 | D:5      | Found a snail-covered altar of Cheibriados.
  4520 | D:5      | You fall through a shaft!
  4713 | D:5      | Found a sparkling altar of Nemelex Xobeh.
  4734 | D:5      | Found a staircase to the Ecumenical Temple.
  5214 | D:5      | Found Uweuc's Antique Weapon Shoppe.
  5231 | D:5      | Bought a runed mace for 75 gold pieces
  5774 | D:6      | Noticed Crazy Yiuf
  5787 | D:6      | Killed Crazy Yiuf
  5833 | D:6      | Noticed Pikel
  5849 | D:6      | Killed Pikel
  5849 | D:6      | Reached XP level 9. HP: 61/70 MP: 8/8
  5850 | D:6      | Found a deep blue altar of Sif Muna.
  5854 | D:6      | Found a burning altar of Makhleb.
  5856 | D:6      | Found an oddly glowing altar of Pakellas.
  6027 | D:6      | Gained mutation: You are dopey. (Int -2) [mutagenic meat]
  6028 | D:6      | Gained mutation: Scrolls take you a little longer to read. [mutagenic meat]
  6029 | D:6      | Gained mutation: You have sharp fingernails. [mutagenic meat]
  6031 | D:6      | Gained mutation: You can translocate small distances at will. [mutagenic meat]
  6255 | D:6      | Noticed Menkaure
  6260 | D:6      | Killed Menkaure
  6796 | D:7      | Reached **** piety under the Shining One
  7157 | D:7      | Found a radiant altar of Vehumet.
  7377 | D:7      | Found a radiant altar of Vehumet.
  7458 | D:7      | Found an iron altar of Okawaru.
  7459 | D:7      | Found a bloodstained altar of Trog.
  7514 | D:7      | Reached skill level 10 in Shields
  7636 | D:8      | Noticed Gastronok
  7693 | D:8      | Killed from afar by Gastronok

Skill      XL: |  1  2  3  4  5  6  7  8  9 |
---------------+----------------------------+-----
Maces & Flails | 3 4 5 6 9 11 | 11.4
Armour         | 7 9 |  9.2
Shields        | 7 10 | 10.2
Fighting       | |  3.6

Action                   |  1- 3 |  4- 6 |  7- 9 || total
-------------------------+-------+-------+-------++-------
Melee: Flail             |   104 |   119 |   201 ||   424
       Headbutt          |    14 |    18 |   102 ||   134
       Unarmed           |       |       |   186 ||   186
       Morningstar       |       |       |   126 ||   126
  Use: Scroll            |     4 |       |     6 ||    10
       Potion            |       |     1 |     6 ||     7
  Eat: Chunk             |     1 |     4 |    18 ||    23
       Bread ration      |       |       |     1 ||     1
Armor: Scale mail        |    65 |    58 |    27 ||   150
       Plate armour      |       |       |   200 ||   200
       Skin              |       |       |     4 ||     4
Dodge: Dodged            |    29 |    36 |    79 ||   144
Block: Shield            |    46 |    69 |   242 ||   357
